 Dungeon Sprint DCSS version 0.29.1-12-g30fa7ad0bf (webtiles) character file.

Game seed: 2633740790114918400

2766 boopmooplesden the Fencer (level 9, -36/97 HPs)
             Began as a Minotaur Berserker on Dec 15, 2022.
             Was a High Priest of Trog.
             Annihilated by a boulder beetle (43 damage)
             ... in the Dungeon (Sprint IX: "|||||||||||||||||||||||||||||").
             The game lasted 00:01:02 (569 turns).

boopmooplesden the Fencer (Minotaur Berserker)       Turns: 569, Time: 00:01:02

Health: -36/97     AC: 13    Str: 29    XL:     9   Next: 42%
Magic:  8/8        EV: 12    Int:  4    God:    Trog [*****.]
Gold:   0          SH:  0    Dex: 13    Spells: 8/8 levels left

rFire   . . .      SeeInvis .   k - +2 scimitar (flame)
rCold   . . .      Faith    .   (no shield)
rNeg    . . .      Spirit   .   m - +1 chain mail
rPois   .          Reflect  .   (helmet restricted)
rElec   .          Harm     .   (no cloak)
rCorr   .          Rampage  .   l - +0 pair of gloves
Will    .....      NoTele   +   (no boots)
Stlth   ..........              (no amulet)
HPRegen 0.26/turn               o - +3 ring of strength
MPRegen 0.11/turn               n - +3 ring of dexterity

@: on berserk cooldown, slowed, very slow
A: horns 2, retaliatory headbutt
a: Renounce Religion, Berserk, Trog's Hand, Brothers in Arms


You were in the Dungeon.
You worshipped Trog.
Trog was extremely pleased with you.
You visited 1 branch

Inventory:

Hand Weapons
 a - a +0 falchion
 k - a +2 scimitar of flaming (weapon)
Armour
 b - a +0 animal skin
 l - a +0 pair of gloves (worn)
 m - a +1 chain mail (worn)
Jewellery
 n - a +3 ring of dexterity (right hand)
 o - a +3 ring of strength (left hand)
Wands
 j - a wand of roots (10)
Scrolls
 h - a scroll of blinking
Potions
 c - 5 potions of curing
 d - 3 potions of heal wounds
 e - a potion of haste
 f - 4 potions of magic
 g - a potion of berserk rage
 i - a potion of invisibility


   Skills:
 + Level 15.2 Fighting
 + Level 17.5 Long Blades
 + Level 9.1 Armour
 + Level 8.5 Dodging


You had 8 spell levels left.
You didn't know any spells.
Your spell library was empty.

Dungeon Overview and Level Annotations

Branches:
Dungeon (1/1)

Altars:
Cheibriados
Dithmenos
Elyvilon
Fedhas
Gozag
Hepliaklqana
Kikubaaqudgha
Makhleb
Nemelex Xobeh
Okawaru
Qazlal
Ru
Sif Muna
Trog
Uskayaw
Vehumet
Wu Jian
Xom
Yredelemnul
Zin
The Shining One
Jiyva
Lugonu


Innate Abilities, Weirdness & Mutations

You have a pair of horns on your head.
You reflexively headbutt those who attack you in melee.


Message History

You are no longer berserk.
You are exhausted.
You feel yourself slow down.
You hit the efreet but do no damage.
The efreet is severely wounded.
The efreet gestures at you. The bolt of fire hits you!!
* * * LOW HITPOINT WARNING * * *
You hit the efreet but do no damage.
You headbutt the efreet, but do no damage.
The efreet is severely wounded.
The efreet barely misses you. You furiously retaliate!
You headbutt the efreet. You barely miss the efreet. You headbutt the efreet.
The efreet is almost dead.
The efreet hits you but does no damage.
You hit the efreet.
You headbutt the efreet, but do no damage.
The efreet is almost dead.
The efreet barely misses you.
You hit the efreet.
You kill the efreet!
Trog accepts your kill.
Your Armour skill increases to level 9!
The boulder beetle leaps!
You see here a +2 scimitar of flaming.
You slash the boulder beetle! You burn the boulder beetle.
You headbutt the boulder beetle, but do no damage.
The boulder beetle is moderately wounded.
The boulder beetle bites you!!
* * * LOW HITPOINT WARNING * * *
Blink to where?
Press: ? - help, Dir - move target
As you read the scroll of blinking, it crumbles to dust.
The boulder beetle curls into a ball and begins rolling!
Things that are here:
a +0 dagger; a +0 robe; an orc skeleton
There is an open door to the Dungeon here.
You see here a +0 shortbow.
The boulder beetle hits you!!!
You die...

▓†▓
▓)▓
▓°▓
▓°▓
▓°▓
▓○▓
▓○▓
▓B▓
▓@▓
▓.▓
▓.▓
▓[▓
▓.▓
▓.▓
▓)▓
▓?▓
▓.▓


You could see a boulder beetle (rolling).

Vanquished Creatures
  A hydra (D)
  2 manticores (D)
  A komodo dragon (D)
  An efreet (D)
  A slime creature (D)
  A wyvern (D)
  A yak (D)
  2 centaurs (D)
  A phantom (D)
  A scorpion (D)
  2 hounds (D)
  An orc wizard (D)
  An adder (D)
  A kobold (D)
  A quokka (D)
  A frilled lizard (D)
  2 rats (D)
21 creatures vanquished.

Notes
Turn   | Place    | Note
-------+----------+-------------------------------------------
     0 | D        | boopmooplesden the Minotaur Berserker began the quest for
                  | the Orb.
     0 | D        | Reached XP level 1. HP: 19/19 MP: 0/0
     7 | D        | Reached skill level 4 in Long Blades
    14 | D        | Reached ** piety under Trog
    76 | D        | Noticed a scorpion
    76 | D        | Noticed a hound
    76 | D        | Noticed a hound
    76 | D        | Noticed a phantom
    83 | D        | Killed a phantom
    84 | D        | Reached skill level 7 in Long Blades
    84 | D        | Reached XP level 2. HP: 25/34 MP: 1/1
    84 | D        | Reached XP level 3. HP: 29/39 MP: 2/2
    84 | D        | Reached XP level 4. HP: 35/47 MP: 3/3
    84 | D        | Reached *** piety under Trog
    90 | D        | Reached skill level 8 in Long Blades
    90 | D        | Reached XP level 5. HP: 34/53 MP: 4/4
    96 | D        | Reached skill level 9 in Long Blades
   259 | D        | Found a snail-covered altar of Cheibriados.
   259 | D        | Found a shadowy altar of Dithmenos.
   259 | D        | Found a white marble altar of Elyvilon.
   259 | D        | Found a blossoming altar of Fedhas.
   259 | D        | Found an opulent altar of Gozag.
   260 | D        | Found a hazy altar of Hepliaklqana.
   261 | D        | Found a viscous altar of Jiyva.
   262 | D        | Found an ancient bone altar of Kikubaaqudgha.
   263 | D        | Found a corrupted altar of Lugonu.
   264 | D        | Found a burning altar of Makhleb.
   265 | D        | Found a sparkling altar of Nemelex Xobeh.
   266 | D        | Found an iron altar of Okawaru.
   267 | D        | Found a stormy altar of Qazlal.
   268 | D        | Found a sacrificial altar of Ru.
   269 | D        | Found a shimmering blue altar of Sif Muna.
   270 | D        | Found a bloodstained altar of Trog.
   271 | D        | Found a hide-covered altar of Uskayaw.
   272 | D        | Found a radiant altar of Vehumet.
   273 | D        | Found an ornate altar of the Wu Jian Council.
   274 | D        | Found a shimmering altar of Xom.
   275 | D        | Found a basalt altar of Yredelemnul.
   276 | D        | Found a glowing silver altar of Zin.
   277 | D        | Found a glowing golden altar of the Shining One.
   322 | D        | Noticed a komodo dragon
   322 | D        | Noticed a yak
   322 | D        | Noticed a wyvern
   322 | D        | Noticed a centaur
   322 | D        | Noticed a centaur
   324 | D        | Killed a centaur
   324 | D        | Reached **** piety under Trog
   325 | D        | Reached skill level 10 in Long Blades
   325 | D        | Reached skill level 5 in Armour
   325 | D        | Reached skill level 5 in Dodging
   325 | D        | Reached XP level 6. HP: 66/66 MP: 5/5
   327 | D        | Reached skill level 10 in Fighting
   329 | D        | Reached skill level 11 in Long Blades
   330 | D        | Killed a wyvern
   330 | D        | Reached ***** piety under Trog
   331 | D        | Reached skill level 12 in Long Blades
   331 | D        | Reached XP level 7. HP: 74/74 MP: 6/6
   333 | D        | Killed a yak
   334 | D        | Reached skill level 13 in Long Blades
   338 | D        | Killed a komodo dragon
   536 | D        | Noticed an efreet
   536 | D        | Noticed a slime creature
   536 | D        | Noticed a manticore
   536 | D        | Noticed a manticore
   536 | D        | Noticed a boulder beetle
   536 | D        | Noticed a seven-headed hydra
   542 | D        | Killed a two-headed hydra
   543 | D        | Reached skill level 15 in Long Blades
   543 | D        | Reached XP level 8. HP: 88/88 MP: 7/7
   547 | D        | Killed a manticore
   547 | D        | Received a gift from Trog
   548 | D        | Reached skill level 16 in Long Blades
   550 | D        | Killed a manticore
   551 | D        | Reached XP level 9. HP: 96/96 MP: 8/8
   556 | D        | Reached skill level 15 in Fighting
   556 | D        | Reached skill level 17 in Long Blades
   563 | D        | Killed an efreet
   569 | D        | Annihilated by a boulder beetle

Illustrated notes

Levels and vault maps discovered:
D:        linesprint [early_d, line_temple, items_1, d_10, items_2, lair_1,
          lair_end, items_3, orc_1, orc_end, items_4, d_15, swamp_1, shoals_1,
          snake_1, spider_1, d_20, vaults_1, items_5, swamp_end, shoals_end,
          snake_end, spider_end, vaults_end, d_27, items_6, zot_1, zot_end,
          crypt_end, forest_end, elf_end, slime_end, tomb_end, abyss_end,
          pan_hell_end]

Skill      XL: |  1  2  3  4  5  6  7  8  9 |
---------------+----------------------------+-----
Fighting       | 7 8 9 11 13 14 15 | 15.2
Long Blades    | 7 8 10 12 15 16 17 | 17.5
Armour         | 3 4 5 7 8 9 |  9.1
Dodging        | 3 4 5 6 7 8 |  8.5

Action                   |  1- 3 |  4- 6 |  7- 9 || total
-------------------------+-------+-------+-------++-------
Melee: Falchion          |    19 |    10 |       ||    29
       Headbutt          |     3 |     5 |    11 ||    19
       Scimitar          |       |     5 |    33 ||    38
Invok: Berserk           |     1 |     1 |     1 ||     3
  Use: Scroll            |       |       |     1 ||     1
Armor: Chain mail        |       |     4 |    11 ||    15
Dodge: Dodged            |     9 |     8 |    14 ||    31
